AoeStats
← tony le gros rou

Arabia

507996086Analyzed
4v4 RM · 11d ago on Sep 20, 2026· 29m 55s· 8 players
Game mode
Random Map
Map size
Large (8 player)
Population
200
Speed
Normal
Resources
Standard
Victory
Conquest
Starting age
Dark Age
Ending age
Imperial Age
RankedLock teamsTeams togetherTeam positionsShared explorationLock speedFull tech treeHidden civsTurbo modeCheats
Victory
Defeat
🇦🇷 Chinese · Argentina
1592
+9
🇦🇷 Tupi · Argentina
1518
+12
🇮🇳 Magyars · India
1453
+14
🇨🇳 Britons · China
1300
+20
🇩🇪 Franks · Germany
1503
-17
🇫🇷 Britons · France
1431
-14
🇫🇷 Berbers · France
1386
-13
🇫🇷 Vietnamese · France
1340
-11
NUR
0:56 Loom
7:36 Loom
10:11 Feudal Age
13:19 Bloodlines
13:08 Horse Collar
15:47 Scale Barding Armor
29:01 Castle Age
28:33 Gold Mining
29:25 Double-Bit Axe
29:45 Husbandry
29:07 Light Cavalry
30:18 Chain Barding Armor
31:06 Wheelbarrow
XxX_Ricardo_2018_Max_XxX
7:25 Loom
9:17 Feudal Age
7:36 Loom
10:00 Double-Bit Axe
9:38 Champi Runner
16:55 Arson
18:06 Scale Mail Armor
20:18 Forging
25:17 Wheelbarrow
29:03 Castle Age
28:38 Horse Collar
29:06 Champi Warrior
29:47 Squires
30:04 Chain Mail Armor
30:24 Iron Casting
Doomsday
6:18 Loom
9:08 Feudal Age
9:51 Double-Bit Axe
12:36 Fletching
21:06 Padded Archer Armor
24:40 Wheelbarrow
28:06 Castle Age
28:10 Crossbowman
28:51 Bodkin Arrow
29:11 Leather Archer Armor
Malthael
0:28 Loom
8:59 Feudal Age
12:48 Double-Bit Axe
13:37 Fletching
15:42 Padded Archer Armor
22:43 Castle Age
22:22 Gold Mining
22:46 Crossbowman
23:22 Bodkin Arrow
24:30 Bow Saw
27:26 Ballistics
30:15 Wheelbarrow
p0n0n0
2:23 Loom
9:20 Feudal Age
9:57 Double-Bit Axe
17:47 Scale Barding Armor
20:16 Forging
21:58 Wheelbarrow
24:40 Castle Age
23:10 Gold Mining
25:08 Light Cavalry
26:15 Chain Barding Armor
AstrowPro
2:56 Loom
9:35 Feudal Age
10:03 Double-Bit Axe
16:19 Forging
17:10 Forging
18:53 Scale Barding Armor
21:53 Horse Collar
25:19 Bloodlines
27:22 Wheelbarrow
31:06 Castle Age
Superbrasseur
2:52 Loom
10:10 Feudal Age
10:39 Double-Bit Axe
11:23 Gold Mining
16:27 Fletching
17:24 Padded Archer Armor
28:01 Wheelbarrow
28:59 Horse Collar
tony le gros rou
4:35 Loom
9:09 Feudal Age
14:13 Fletching
Connection lost

Rejoining the realm…

Still unreachable

The connection could not be restored.

Session expired

The server has moved on; the page needs a fresh start.